 Dungeon Crawl Stone Soup version 0.19-a0-1720-gc855d72 (webtiles) character file.

321944 gottagoquickly the Executioner (level 20, -5/189 HPs)
             Began as a Minotaur Berserker on Sept 29, 2016.
             Was a High Priest of Trog.
             Slain by a ghost moth (6 damage)
             ... on level 5 of the Realm of Zot.
             The game lasted 01:36:49 (15781 turns).

gottagoquickly the Executioner (MiBe)              Turns: 15781, Time: 01:36:50

Health: -5/189     AC: 38    Str: 27    XL:     20   Next: 27%
Magic:  0/11       EV: 26    Int:  3    God:    Trog [*****.]
Gold:   1089       SH:  0    Dex: 14    Spells: 0 memorised, 19 levels left

rFire  + + +     SeeInvis .     a - +7 battleaxe (antimagic) {god gift}
rCold  + . .     Gourm    .     J - +8 chain mail of Day {rF+ rC+}
rNeg   . . .     Faith    .     (shield currently unavailable)
rPois  +         Spirit   .     (helmet restricted)
rElec  +         Dismiss  .     s - +2 cloak {MR+}
rCorr  .         Reflect  .     P - +3 pair of gauntlets of War {Slay+5}
MR     ++...     Harm     .     U - +2 pair of boots {Stlth+}
Stlth  .......... Rnd*Tele +    I - amulet of Yduottoz {Regen+ MP+9}
                                L - +6 ring of evasion
                                q - ring "Toasteypp" {rPois rF++ Str+3 Stlth-}

@: lethally poisoned (-5 -> -7), starving
A: retaliatory headbutt, claws 1, fangs 1, hooves 2, horns 2, iridescent scales
1, clumsy 1, deterioration 1, dopey 1, electricity resistance, slow regeneration
1, teleportitis 1, wild magic 1
a: Berserk, Trog's Hand, Brothers in Arms, Burn Spellbooks, Renounce Religion
}: 3/15 runes: decaying, slimy, gossamer


You were on level 5 of the Realm of Zot.
You worshipped Trog.
Trog was extremely pleased with you.
You were starving.

You visited 7 branches of the dungeon, and saw 44 of its levels.
You also visited: Ice Cave.

You collected 2025 gold pieces.
You spent 936 gold pieces at shops.

Inventory:

Hand Weapons
 a - a +7 antimagic battleaxe (weapon) {god gift}
 b - a +2 war axe of flaming
 A - a +2 executioner's axe of freezing {god gift}
Missiles
 c - 4 throwing nets (quivered)
 G - 3 javelins of penetration {god gift}
Armour
 j - a +2 ice dragon armour
 s - a +2 cloak of magic resistance (worn)
 J - the +8 chain mail of Day (worn) {rF+ rC+}
   (You found it in an ice cave)

   It protects you from fire.
   It protects you from cold.
 P - the +3 pair of gauntlets of War (worn) {Slay+5}
   (You found it in an ice cave)

   It affects your accuracy and damage with ranged weapons and melee attacks
   (+5).
 U - a +2 pair of boots of stealth (worn)
Rods
 g - a +8 rod of ignition (11/11)
   (You found it on level 13 of the Dungeon)
Jewellery
 e - the ring of Filu {rN++ MR- Dex+5 SInv}
   (You found it on level 3 of the Swamp)

   [ring of see invisible]

   It affects your dexterity (+5).
   It greatly protects you from negative energy.
   It affects your resistance to hostile enchantments.
   It lets you see invisible.
 k - a +3 ring of intelligence
 q - the ring "Toasteypp" (left hand) {rPois rF++ Str+3 Stlth-}
   (You bought it in a shop on level 13 of the Dungeon)

   [ring of loudness]

   It affects your strength (+3).
   It greatly protects you from fire.
   It protects you from poison.
   It makes you less stealthy.
 r - an uncursed ring of protection from cold
 w - an uncursed ring of resist corrosion
 I - the amulet of Yduottoz (around neck) {Regen+ MP+9}
   (You found it on level 12 of the Dungeon)

   [amulet of regeneration]

   It affects your magic capacity (+9).
   It increases your rate of regeneration.
 L - a +6 ring of evasion (right hand)
Wands
 i - a wand of confusion (19/48)
 l - a wand of acid (3/15)
 v - a wand of acid (11/15)
 x - a wand of teleportation (2/9)
 F - a wand of flame (16/48)
 H - a wand of lightning (2/15)
 K - a wand of digging (12/24)
 M - a wand of disintegration (1/24)
 O - a wand of slowing (18/48)
 Z - a wand of confusion (30/48)
Scrolls
 h - a scroll of teleportation
 o - 4 scrolls of enchant armour
 u - 5 scrolls of remove curse
 y - 3 scrolls of blinking
Potions
 m - 6 potions of curing
 n - 2 potions of flight
 t - a potion of cure mutation {unknown}
 z - a potion of lignification
 B - 2 potions of heal wounds
 E - a potion of cancellation
 S - a potion of might
 T - 2 potions of invisibility
Miscellaneous
 D - a phial of floods
Comestibles
 d - 9 bread rations
 f - 11 meat rations


   Skills:
 - Level 18.6 Fighting
 - Level 24.4 Axes
 - Level 18.3 Armour
 - Level 18.9 Dodging
 + Level 6.7 Evocations


You had 19 spell levels left.
You didn't know any spells.

Dungeon Overview and Level Annotations

Branches:
Dungeon (15/15)              Lair (6/6) D:10          Swamp (4/4) Lair:2
 Spider (4/4) Lair:2        Slime (5/5) Lair:6       Depths (5/5) D:15
    Zot (5/5) Depths:5
 Temple: D:4-7          Orc: D:9-12      Vaults: D:13-14

Altars:
Ashenzari
Gozag
Hepliaklqana
Nemelex Xobeh
Xom
Zin
Jiyva

Shops:
D:4 [   D:5 (   D:6 [   D:10 :   D:13 =

Portals:
Hell: Depths:4
Abyss: Depths:1 Depths:4
Ziggurat: Depths:4

Annotations:
D:11 1 runed door
Swamp:2 exclusion: Roxanne, Roxanne


Innate Abilities, Weirdness & Mutations

You reflexively headbutt those who attack you in melee.
You have a pair of horns on your head.
You have sharp fingernails.
You have very sharp teeth.
You have hoof-like feet.
You are partially covered in iridescent scales. (AC +2)
You are clumsy. (Dex -2)
Your body sometimes deteriorates upon taking damage.
You are dopey. (Int -2)
You are resistant to electric shocks. (rElec)
You regenerate slowly when monsters are visible.
You are occasionally teleported next to monsters.
Your spells are a little harder to cast, but a little more powerful.


Message History

You headbutt the red draconian.
You bite the red draconian, but do no damage.
The red draconian is almost dead.
You slash something!
You feel sick.
The red draconian completely misses you.
Your iron troll bites the red draconian!!
The red draconian dies!
Trog accepts your kill.
Unknown command.
You completely miss something. You bite something.
You feel sick.
Something hits you but does no damage. x2
Something stings you but does no damage.
Unknown command.
You closely miss something. Your headbutt misses something. You bite something.
You feel you are being watched by something.
You feel your power leaking away. Something hits you!
* * * LOW HITPOINT WARNING * * *
Something hits you.
You die...

..###.. .........
.......... .......#
.. #....$# ... .
##<...# #... ....
##))..# #....
.....#)T...# #....#
......[)@...##....#
......)))...†....#
#......(...%)...##
#..............##
#.............##
#....##....[.##
....# #.....## ..#
#....## #....##


You could see a friendly iron troll (berserk).

Vanquished Creatures
  the Royal Jelly (Slime:5)
  A curse toe (Zot:4)
  2 golden dragons
  2 bone dragons
  2 tentacled monstrosities
  17 acid blobs
  4 death cobs
  Frances (Swamp:2)
  2 thorn hunters
  2 shadow dragons
  2 draconian monks
  5 storm dragons
  8 azure jellies
  A frost giant (Depths:5)
  3 ghost moths
  A juggernaut zombie (D:15)
  3 draconian scorchers
  3 emperor scorpions (Spider:4)
  Aizul (Swamp:2)
  5 draconian annihilators
  10 very ugly things
  5 stone giants
  3 green draconians
  2 purple draconians (Zot:1)
  5 black draconians
  Nessos (D:14)
  3 mottled draconians
  Azrael (D:13)
  3 yellow draconians
  4 red draconians
  2 white draconians (Zot:1)
  5 spark wasps
  The ghost of IKeelU2 the Severer, a journeyman FoFi of Okawaru (D:10)
  2 blizzard demons (IceCv)
  5 death oozes
  An ettin (Depths:5)
  A merfolk javelineer (Depths:1)
  A merfolk impaler (Depths:1)
  11 fire dragons
  3 yaktaur captains
  Josephine (D:13)
  20 hydras
  A rakshasa (Depths:4)
  6 great orbs of eyes
  4 catoblepae
  2 ghost crabs (Swamp:3)
  4 ice dragons
  4 centaur warriors (D:13)
  4 ogre magi
  5 alligators
  5 death yaks (Lair:6)
  2 vampire magi
  4 deep troll shamans
  6 deep troll earth magi
  2 tengu warriors
  2 spriggan berserkers
  2 hell knights (Depths:4)
  5 skeletal warriors
  A fire crab (shapeshifter) (Depths:4)
  A spark wasp zombie (D:15)
  14 deep trolls
  9 swamp dragons
  4 wizards
  3 spriggan druids
  The ghost of Charly the Unseen, a novice SpEn of Ashenzari (D:14)
  2 unseen horrors
  2 shambling mangroves
  16 hill giants
  A phantasmal warrior (Depths:4)
  A shadow dragon zombie (D:15)
  An orc knight (D:15)
  2 necromancers
  11 ugly things
  8 orb spiders
  2 hornets (Spider:4)
  6 cyclopes
  2 wolf spider zombies
  A deep elf mage (D:14)
  19 wolf spiders
  7 moths of wrath
  6 shining eyes
  3 manticores
  Joseph (D:7)
  An ice statue (IceCv)
  A torpor snail (Spider:4)
  6 black mambas
  4 centaur zombies
  A naga mage (Depths:3)
  10 spiny frogs
  3 gargoyles
  4 eyes of devastation (Slime:5)
  9 elephants
  A spiny frog (shapeshifter) (D:13)
  4 demonic crawlers
  9 komodo dragons
  2 freezing wraiths (IceCv)
  A rime drake (Lair:6)
  A komodo dragon (shapeshifter) (Depths:4)
  2 anaconda simulacra (IceCv)
  6 ice devils (IceCv)
  10 yaktaurs
  A guardian mummy (D:15)
  3 trolls
  3 golden dragon simulacra (IceCv)
  16 jumping spiders
  A jumping spider (shapeshifter) (D:13)
  A polar bear (Lair:3)
  A wind drake (shapeshifter) (Depths:3)
  2 two-headed ogres
  A blink frog (Lair:4)
  Grinder (D:4)
  A raiju (shapeshifter) (D:13)
  2 bog bodies
  64 slime creatures
  8 hippogriffs
  2 meliai zombies
  38 redbacks
  2 shadows (D:13)
  A spriggan skeleton (D:15)
  6 wraiths
  6 spriggans
  A tarantella (shapeshifter) (Depths:3)
  11 tarantellas
  38 yaks
  A yak (shapeshifter) (D:13)
  5 dire elephant simulacra (IceCv)
  4 fire elementals (D:13)
  A water elemental (Depths:1)
  3 wyverns
  A vampire (D:13)
  3 basilisks
  A hungry ghost (D:13)
  7 golden eyes
  A steam dragon (D:11)
  3 iron troll simulacra (IceCv)
  14 vampire mosquitoes
  3 mottled dragons
  6 insubstantial wisps (Swamp:2)
  5 swamp worms
  12 water moccasins
  2 harpy simulacra (IceCv)
  3 hydra simulacra (IceCv)
  A soldier ant (D:14)
  2 floating eyes (Slime:5)
  4 hell hounds (D:13)
  A porcupine (shapeshifter) (Depths:4)
  10 orc warriors
  7 porcupines
  14 swamp drakes
  5 eyes of draining
  4 ice beasts
  3 black bears
  A black bear (shapeshifter) (D:15)
  3 necrophages (D:7)
  A sky beast (D:12)
  A phantom (D:7)
  An ettin simulacrum (IceCv)
  16 wasps
  5 ogres
  2 boggarts
  6 wolves
  4 crocodiles
  4 centaurs
  2 big kobolds
  16 bullfrogs
  Blork the orc (D:4)
  2 wyvern zombies
  2 wyvern skeletons (D:13)
  3 scorpions
  3 elephant simulacra (IceCv)
  9 wights
  2 howler monkeys
  2 draconian simulacra (IceCv)
  A bullfrog zombie (D:10)
  5 crimson imps
  2 bullfrog skeletons (D:13)
  5 jellies
  4 orc priests
  4 hounds
  5 centaur skeletons
  5 iguanas
  13 orc wizards
  9 worker ants
  A polar bear simulacrum (IceCv)
  4 troll simulacra (IceCv)
  2 spriggan simulacra (IceCv)
  2 hound skeletons
  3 gnolls (D:6)
  4 naga simulacra (IceCv)
  An ogre simulacrum (IceCv)
  2 worker ant zombies
  6 adders
  5 shadow imps
  8 white imps (IceCv)
  5 ufetubi (IceCv)
  An ooze (D:2)
  3 adder zombies
  An adder skeleton (D:9)
  A worm (D:4)
  A leopard gecko (D:2)
  32 orcs
  2 ball pythons
  2 giant cockroaches
  3 goblins
  11 jackals
  7 kobolds
  2 quokkas
  A bat (D:3)
  A quokka skeleton (D:6)
  A quokka zombie (D:7)
  2 rats
  A butterfly (Lair:5)
  2 fungi
  3 plants
  2 withered plants (D:15)
1010 creatures vanquished.

Vanquished Creatures (collateral kills)
  A golden dragon (Zot:4)
  Rupert (Lair:6)
  An acid blob (Slime:5)
  A draconian monk (Zot:5)
  2 azure jellies (Slime:5)
  A draconian scorcher (Zot:5)
  A draconian shifter (Zot:4)
  A draconian annihilator (Zot:4)
  A green draconian (Zot:5)
  2 red draconians (Zot:5)
  2 purple draconians (Zot:4)
  A yellow draconian (Zot:5)
  2 death oozes (Slime:5)
  The ghost of hairmachine the Slinger, a journeyman HaHu of Makhleb (Lair:4)
  2 orb spiders (Spider:4)
  2 wolf spiders (Spider:4)
  2 moths of wrath (Spider:4)
  A jumping spider (Spider:4)
  3 slime creatures
  A tarantella (Spider:4)
  2 golden eyes (Slime:5)
  A crocodile (Lair:6)
32 creatures vanquished.

Vanquished Creatures (others)
  2 swamp drakes (Swamp:4)
  A wasp (Spider:4)
  A jackal zombie (D:5)
  3 fungi
  5 plants (Depths:5)
12 creatures vanquished.

Grand Total: 1054 creatures vanquished

Notes
Turn   | Place    | Note
-------+----------+-------------------------------------------
     0 | D:1      | gottagoquickly the Minotaur Berserker began the quest for the Orb.
     0 | D:1      | Reached XP level 1. HP: 19/19 MP: 0/0
     3 | D:1      | Noticed an electric eel
     3 | D:1      | Noticed an electric eel
    88 | D:2      | Reached skill level 4 in Axes
    88 | D:2      | Reached XP level 2. HP: 23/27 MP: 1/1
   107 | D:2      | Reached skill level 3 in Armour
   163 | D:3      | Reached XP level 3. HP: 23/33 MP: 2/2
   211 | D:3      | Reached skill level 4 in Fighting
   269 | D:4      | Noticed Blork the orc
   278 | D:4      | Killed Blork the orc
   278 | D:4      | Reached skill level 5 in Axes
   278 | D:4      | Reached XP level 4. HP: 41/41 MP: 3/3
   284 | D:4      | Reached skill level 4 in Armour
   323 | D:4      | Reached XP level 5. HP: 44/47 MP: 4/4
   324 | D:4      | Noticed Grinder
   328 | D:4      | Reached ** piety under Trog
   336 | D:4      | Killed Grinder
   336 | D:4      | Reached skill level 5 in Fighting
   336 | D:4      | Reached skill level 6 in Axes
   336 | D:4      | Reached XP level 6. HP: 56/56 MP: 5/5
   368 | D:5      | Entered Level 5 of the Dungeon
   418 | D:4      | Found Avoridwo's Armour Boutique.
   435 | D:4      | Noticed an ice beast
   471 | D:6      | Reached skill level 5 in Armour
   494 | D:5      | Found Hausiz's Antique Weapon Boutique.
   526 | D:5      | Reached skill level 7 in Axes
   595 | D:6      | Found a shimmering altar of Xom.
   646 | D:6      | Found a shattered altar of Ashenzari.
   679 | D:6      | Reached XP level 7. HP: 61/61 MP: 6/6
   694 | D:6      | Found Ewaant's Armour Shoppe.
   839 | D:7      | Reached skill level 6 in Fighting
   849 | D:6      | Reached skill level 8 in Axes
   898 | D:6      | Found a hazy altar of Hepliaklqana.
   919 | D:7      | Noticed a hippogriff
   924 | D:7      | Killed a hippogriff
   924 | D:7      | Reached skill level 6 in Armour
   924 | D:7      | Reached XP level 8. HP: 59/71 MP: 7/7
   982 | D:7      | Reached *** piety under Trog
   982 | D:7      | Reached skill level 9 in Axes
  1009 | D:7      | Reached skill level 7 in Fighting
  1034 | D:8      | Noticed a two-headed ogre
  1047 | D:8      | Killed a two-headed ogre
  1047 | D:8      | Reached skill level 10 in Axes
  1047 | D:8      | Reached skill level 7 in Armour
  1051 | D:8      | Noticed a hill giant
  1092 | D:7      | Found a glowing silver altar of Zin.
  1179 | D:7      | Reached XP level 9. HP: 45/80 MP: 8/8
  1223 | D:7      | Noticed Joseph
  1245 | D:7      | Reached skill level 8 in Fighting
  1259 | D:7      | Killed Joseph
  1259 | D:7      | Reached skill level 11 in Axes
  1326 | D:8      | Killed a hill giant
  1326 | D:8      | Reached skill level 8 in Armour
  1409 | D:8      | Found a sparkling altar of Nemelex Xobeh.
  1410 | D:8      | Found an opulent altar of Gozag.
  1445 | D:9      | Reached skill level 9 in Fighting
  1445 | D:9      | Reached skill level 12 in Axes
  1518 | D:9      | Reached skill level 9 in Armour
  1607 | D:6      | Bought a +1 cloak of magic resistance for 214 gold pieces
  1692 | D:9      | Reached XP level 10. HP: 86/91 MP: 9/9
  1831 | D:10     | Entered Level 10 of the Dungeon
  1857 | D:9      | Noticed a red ugly thing
  1863 | D:9      | Killed a red ugly thing
  1874 | D:9      | Gained mutation: You have large cloven feet. [mutagenic meat]
  1877 | D:9      | Gained mutation: Your body sometimes deteriorates upon taking damage. [mutagenic meat]
  1918 | D:9      | Reached **** piety under Trog
  1920 | D:9      | Reached skill level 13 in Axes
  2017 | D:10     | Reached skill level 10 in Fighting
  2070 | D:10     | Noticed IKeelU2's ghost (journeyman FoFi)
  2128 | D:10     | Noticed a five-headed hydra
  2129 | D:10     | Noticed a five-headed hydra
  2143 | D:10     | Killed a two-headed hydra
  2143 | D:10     | Reached skill level 10 in Armour
  2148 | D:10     | Killed a three-headed hydra
  2148 | D:10     | Reached ***** piety under Trog
  2148 | D:10     | Reached skill level 14 in Axes
  2162 | D:10     | Found a staircase to the Lair.
  2164 | D:10     | HP: 5/94 [bullfrog (5)]
  2164 | D:10     | HP: 1/94 [bullfrog (4)]
  2180 | D:10     | Reached XP level 11. HP: 25/101 MP: 10/10
  2290 | Lair:1   | Entered Level 1 of the Lair of Beasts
  2334 | Lair:1   | Reached skill level 11 in Fighting
  2461 | Lair:2   | Found a staircase to the Swamp.
  2677 | Lair:3   | Reached skill level 11 in Armour
  2691 | Lair:3   | Reached skill level 15 in Axes
  3057 | Lair:3   | Noticed a five-headed hydra
  3064 | Lair:3   | Killed a one-headed hydra
  3064 | Lair:3   | Reached skill level 12 in Fighting
  3326 | Lair:4   | Reached XP level 12. HP: 100/112 MP: 11/11
  3396 | Lair:3   | Reached skill level 3 in Dodging
  3452 | Lair:3   | Reached skill level 4 in Dodging
  3629 | Lair:3   | Reached skill level 5 in Dodging
  3666 | Lair:4   | Noticed an eight-headed hydra
  3670 | Lair:4   | Noticed hairmachine's ghost (journeyman HaHu)
  3674 | Lair:4   | Killed a four-headed hydra
  3674 | Lair:4   | Reached skill level 6 in Dodging
  3810 | Lair:5   | Noticed a seven-headed hydra
  3817 | Lair:5   | Killed a four-headed hydra
  3817 | Lair:5   | Reached skill level 7 in Dodging
  3854 | Lair:5   | Received a gift from Trog
  3909 | Lair:4   | Reached skill level 8 in Dodging
  4113 | Lair:6   | Entered Level 6 of the Lair of Beasts
  4118 | Lair:6   | Reached skill level 9 in Dodging
  4165 | Lair:6   | Found a viscous altar of Jiyva.
  4165 | Lair:6   | Found a staircase to the Slime Pits.
  4182 | Lair:6   | Noticed Rupert
  4192 | Lair:6   | Killed Rupert
  4192 | Lair:6   | Reached skill level 10 in Dodging
  4265 | Lair:6   | Reached skill level 11 in Dodging
  4307 | Lair:6   | Noticed a catoblepas
  4324 | Lair:6   | Killed a catoblepas
  4324 | Lair:6   | Reached XP level 13. HP: 41/118 MP: 12/12
  4371 | Lair:6   | not worth the time
  4377 | Lair:6   | HP: 8/177 [komodo dragon (18)]
  4573 | Lair:4   | Reached skill level 12 in Dodging
  4639 | Lair:4   | Killed hairmachine's ghost
  4876 | Lair:2   | Found a hole to the Spider Nest.
  4885 | Lair:2   | Reached skill level 16 in Axes
  4982 | D:11     | Reached skill level 12 in Armour
  5039 | D:10     | Killed IKeelU2's ghost
  5418 | D:12     | Got a fine tin amulet
  5419 | D:12     | Identified the amulet of Yduottoz {Regen+ MP+9} (You found it on level 12 of the Dungeon)
  5519 | D:13     | Found Apufecza's Jewellery Shop.
  5797 | D:11     | Found a runed door.
  5986 | D:10     | Received a gift from Trog
  6654 | D:10     | Found Haneytai's Book Shop.
  6814 | D:13     | Noticed Josephine
  6822 | D:13     | Reached skill level 13 in Fighting
  6825 | D:13     | Killed Josephine
  6825 | D:13     | Reached skill level 17 in Axes
  6913 | D:14     | Noticed Nessos
  6925 | D:14     | Killed Nessos
  6993 | D:14     | Gained mutation: You are clumsy. (Dex -2) [potion of mutation]
  6993 | D:14     | Gained mutation: Your spells are a little harder to cast, but a little more powerful. [potion of mutation]
  6993 | D:14     | Gained mutation: You are resistant to electric shocks. (rElec) [potion of mutation]
  7158 | D:14     | Noticed Charly's ghost (novice SpEn)
  7175 | D:14     | Killed Charly's ghost
  7175 | D:14     | Reached skill level 13 in Armour
  7239 | D:15     | Entered Level 15 of the Dungeon
  7282 | D:15     | Gained mutation: You are partially covered in iridescent scales. (AC +2) [potion of mutation]
  7282 | D:15     | Gained mutation: Your mind is acute. (Int +2) [potion of mutation]
  7354 | D:14     | Reached XP level 14. HP: 117/129 MP: 7/13
  7541 | D:15     | Received a gift from Trog
  7807 | D:13     | Reached skill level 18 in Axes
  7941 | D:13     | Reached skill level 14 in Fighting
  8085 | D:13     | Noticed a purple very ugly thing
  8092 | D:13     | Killed a purple very ugly thing
  8183 | D:13     | Identified a +8 rod of ignition (11/11) (You found it on level 13 of the Dungeon)
  8206 | D:13     | Received a gift from Trog
  8234 | D:13     | Noticed Azrael
  8242 | D:13     | Reached skill level 14 in Armour
  8247 | D:13     | Killed Azrael
  8455 | D:13     | Reached skill level 19 in Axes
  8828 | D:15     | Found a staircase to the Depths.
  8834 | D:15     | Reached ****** piety under Trog
  8871 | D:15     | Reached XP level 15. HP: 108/139 MP: 7/14
  8988 | Depths:1 | Entered Level 1 of the Depths
  9067 | Depths:1 | Reached skill level 15 in Fighting
  9204 | D:13     | Bought the ring "Toasteypp" {rPois rF++ Str+3 Stlth-} for 722 gold pieces
  9301 | Swamp:1  | Entered Level 1 of the Swamp
  9460 | Swamp:2  | Noticed Frances
  9464 | Swamp:2  | Noticed Aizul
  9473 | Swamp:2  | Killed Aizul
  9475 | Swamp:2  | Killed Frances
  9601 | Swamp:2  | Reached skill level 20 in Axes
  9624 | Swamp:2  | Reached skill level 15 in Armour
  9677 | Swamp:3  | Got a pitted lead ring
  9679 | Swamp:3  | Identified the ring of Filu {rN++ MR- Dex+5 SInv} (You found it on level 3 of the Swamp)
  9743 | Swamp:3  | Received a gift from Trog
  9771 | Swamp:4  | Entered Level 4 of the Swamp
  9817 | Swamp:3  | Noticed a thorn hunter
  9818 | Swamp:3  | HP: 16/214 [thorn hunter/volley of thorns (17)]
  9823 | Swamp:3  | HP: 12/214 [poisoned by a swamp dragon (blast of poison)]
  9826 | Swamp:3  | HP: 3/214 [thorn hunter (9)]
  9828 | Swamp:3  | Killed a thorn hunter
  9950 | Swamp:3  | HP: 10/214 [spriggan rider/spear (13)]
 10042 | Swamp:4  | Found a frozen archway.
 10051 | IceCv    | Entered an ice cave
 10122 | IceCv    | Received a gift from Trog
 10294 | IceCv    | Got a faintly humming chain mail
 10305 | IceCv    | Identified the +8 chain mail of Day {rF+ rC+} (You found it in an ice cave)
 10395 | IceCv    | Reached XP level 16. HP: 136/151 MP: 8/15
 10448 | IceCv    | Reached skill level 16 in Fighting
 10524 | IceCv    | Reached skill level 21 in Axes
 10585 | IceCv    | Got a polished plate armour
 10596 | IceCv    | Identified the cursed +1 plate armour "Zar Meij" {rN+ rCorr Str+4} (You found it in an ice cave)
 10698 | Swamp:4  | Noticed a thorn hunter
 10715 | Swamp:4  | Killed a thorn hunter
 10720 | Swamp:4  | Received a gift from Trog
 10720 | Swamp:4  | Reached skill level 16 in Armour
 10769 | Swamp:4  | Got a decaying rune of Zot
 10912 | Swamp:2  | Noticed Roxanne
 10923 | Swamp:2  | Received a gift from Trog
 11047 | Spider:1 | Entered Level 1 of the Spider Nest
 11265 | Spider:4 | Entered Level 4 of the Spider Nest
 11301 | Spider:4 | Received a gift from Trog
 11368 | Spider:4 | Reached skill level 22 in Axes
 11445 | Spider:4 | Reached skill level 17 in Fighting
 11579 | Spider:4 | Reached XP level 17. HP: 104/161 MP: 8/16
 11774 | Spider:4 | Received a gift from Trog
 11784 | Spider:4 | Reached skill level 17 in Armour
 11791 | Spider:4 | Got a gossamer rune of Zot
 12178 | Slime:1  | Entered Level 1 of the Pits of Slime
 12211 | Slime:2  | Noticed an acid blob
 12213 | Slime:2  | Gained mutation: You regenerate slowly when monsters are visible. [a shining eye]
 12218 | Slime:1  | Killed an acid blob
 12272 | Slime:3  | Noticed an acid blob
 12272 | Slime:3  | Noticed an acid blob
 12321 | Slime:3  | Killed an acid blob
 12322 | Slime:3  | Killed an acid blob
 12396 | Slime:4  | Noticed an acid blob
 12399 | Slime:4  | Reached skill level 23 in Axes
 12406 | Slime:4  | Noticed an acid blob
 12408 | Slime:4  | Killed an acid blob
 12419 | Slime:4  | Killed an acid blob
 12506 | Slime:5  | Entered Level 5 of the Pits of Slime
 12523 | Slime:5  | Paralysed by a floating eye for 4 turns
 12596 | Slime:5  | Noticed an acid blob
 12604 | Slime:5  | Noticed an acid blob
 12604 | Slime:5  | Killed an acid blob
 12611 | Slime:5  | Noticed an acid blob
 12648 | Slime:5  | Killed an acid blob
 12653 | Slime:5  | Killed an acid blob
 12771 | Slime:5  | Noticed an acid blob
 12772 | Slime:5  | Noticed an acid blob
 12773 | Slime:5  | Noticed an acid blob
 12780 | Slime:5  | Killed an acid blob
 12781 | Slime:5  | Killed an acid blob
 12781 | Slime:5  | Reached skill level 13 in Dodging
 12786 | Slime:5  | Killed an acid blob
 12801 | Slime:5  | Noticed an acid blob
 12804 | Slime:5  | Killed an acid blob
 12862 | Slime:5  | Noticed an acid blob
 12871 | Slime:5  | Killed an acid blob
 12915 | Slime:4  | Noticed an acid blob
 12921 | Slime:4  | Killed an acid blob
 12921 | Slime:4  | Reached skill level 18 in Fighting
 12921 | Slime:4  | Reached XP level 18. HP: 79/172 MP: 8/17
 13007 | Slime:5  | Found a viscous altar of Jiyva.
 13020 | Slime:5  | Noticed the Royal Jelly
 13048 | Slime:5  | Killed the Royal Jelly
 13074 | Slime:5  | Lost mutation: Your mind is acute. (Int +2) [a shining eye]
 13107 | Slime:5  | Identified the Catalogue of Helpful Snow
 13131 | Slime:5  | Got a slimy rune of Zot
 13167 | Slime:5  | Gained mutation: You are occasionally teleported next to monsters. [potion of mutation]
 13167 | Slime:5  | Gained mutation: You have very sharp teeth. [potion of mutation]
 13167 | Slime:5  | Gained mutation: You have hoof-like feet. [potion of mutation]
 13168 | Slime:5  | oooops
 13171 | Slime:5  | Got a scorched ivory ring
 13262 | Slime:2  | yeah, this will end me
 13371 | Lair:6   | Identified the ring of Aza Qyle {Ice MP+9 Str+3} (You found it on level 5 of the Pits of Slime)
 13458 | Lair:3   | Reached skill level 18 in Armour
 13548 | Lair:1   | ugh
 13596 | Lair:1   | i'd love some -tele now
 13796 | Depths:1 | Found a one-way gate to the infinite horrors of the Abyss.
 13869 | Depths:2 | Reached skill level 24 in Axes
 13913 | Depths:2 | Received a gift from Trog
 13978 | Depths:4 | crap
 13984 | Depths:4 | Found a gateway to a ziggurat.
 14163 | Depths:3 | i don't know what i was expecting
 14167 | Depths:3 | ha ha
 14167 | Depths:3 | ;_;
 14173 | Depths:3 | best tele eu
 14326 | Depths:4 | Reached skill level 14 in Dodging
 14336 | Depths:4 | Found a gateway to Hell.
 14361 | Depths:5 | Entered Level 5 of the Depths
 14368 | Depths:5 | Noticed a bone dragon
 14423 | Depths:5 | ugh
 14425 | Depths:5 | Noticed a golden dragon
 14486 | Depths:5 | Received a gift from Trog
 14486 | Depths:5 | Reached skill level 15 in Dodging
 14493 | Depths:5 | Reached XP level 19. HP: 118/181 MP: 9/18
 14503 | Depths:4 | Killed a bone dragon
 14529 | Depths:4 | i'm impressed i'm still alive
 14617 | Depths:4 | Reached skill level 16 in Dodging
 14624 | Depths:4 | Gained mutation: You tend to lose your temper in combat. [mutagenic meat]
 14627 | Depths:4 | Gained mutation: You have sharp fingernails. [mutagenic meat]
 14630 | Depths:4 | Lost mutation: You tend to lose your temper in combat. [mutagenic meat]
 14696 | Depths:5 | Killed a golden dragon
 14761 | Depths:5 | Noticed a bone dragon
 14763 | Depths:5 | Found a gate to the Realm of Zot.
 14778 | Depths:5 | Killed a bone dragon
 14794 | Zot:1    | Entered Level 1 of the Realm of Zot
 15056 | Zot:1    | Reached skill level 17 in Dodging
 15233 | Zot:2    | Reached skill level 18 in Dodging
 15269 | Zot:4    | Noticed a curse toe
 15281 | Zot:4    | Killed a curse toe
 15345 | Zot:4    | Noticed a golden dragon
 15370 | Zot:4    | Killed a golden dragon
 15489 | Zot:4    | Reached skill level 1 in Evocations
 15517 | Zot:4    | Noticed a golden dragon
 15529 | Zot:4    | Killed a golden dragon
 15529 | Zot:4    | Reached skill level 2 in Evocations
 15529 | Zot:4    | Reached XP level 20. HP: 128/189 MP: 10/21
 15547 | Zot:4    | Reached skill level 3 in Evocations
 15665 | Zot:4    | Reached skill level 4 in Evocations
 15685 | Zot:4    | ok, let's do it the funny way
 15699 | Zot:5    | Entered Level 5 of the Realm of Zot
 15699 | Zot:5    | Noticed a Killer Klown
 15699 | Zot:5    | Noticed an orb of fire
 15699 | Zot:5    | Noticed an orb of fire
 15699 | Zot:5    | Noticed an ancient lich
 15700 | Zot:5    | a bit too funny
 15700 | Zot:5    | Gained mutation: You are dopey. (Int -2) [an orb of fire]
 15713 | Zot:5    | Received a gift from Trog
 15739 | Zot:5    | Reached skill level 5 in Evocations
 15764 | Zot:5    | Reached skill level 6 in Evocations
 15778 | Zot:5    | HP: 13/189 [something (11)]
 15781 | Zot:5    | HP: 1/189 [something (11)]
 15781 | Zot:5    | Slain by a ghost moth

Vault maps used:
D:1:      arrival_aquarium_b, dk_noncrumbling_3, minivault_11
D:2:      first_bread
D:3:      kennysheep_pointless_box
D:4:      serial_shops, shop, dk_noncrumbling_4, uniq_blork_the_orc,
          uniq_grinder
D:5:      serial_shops, shop, lemuel_old_faithful
D:6:      nicolae_overflow_crystal_walls, brannock_xom_greatest_gift,
          serial_shops, shop, nicolae_ashenzari_panopticon
D:7:      kennysheep_little_box, serial_undead, serial_undead_c,
          serial_undead_c, serial_undead_c, serial_undead_f, uniq_joseph,
          uniq_prince_ribbit1
D:8:      wad_statue_garden, grunt_temple_overflow_opulence, serial_shops, shop,
          serial_corexii_hall, corexii_hall_statues_deadend,
          corexii_hall_statues_u
D:10:     minmay_cut_squares, serial_shops, nicolae_shop_stone
D:11:     cheibrodos_shockbox, david_orc_4
D:13:     minmay_spiral_squares, david_vaults_4, serial_shops, shop,
          uniq_josephine, uniq_azrael
D:14:     hangedman_decor_push, uniq_nessos
D:15:     gammafunk_depths_entry_grave, minmay_misc_feat_secret_circle,
          uniq_louise
Lair:1:   grunt_megastairs_2, uniq_gastronok
Lair:2:   swamp_mist, spider_nest_entry_funnel_web, grunt_megastairs_4,
          serial_bayou_shore_a, lemuel_fruit_fields
Lair:3:   grunt_forest_stairs_clearing, grunt_megastairs_5
Lair:4:   st_stairs_9
Lair:5:   lemuel_fruit_fields
Lair:6:   evilmike_catoblepas_cave, slime_altar_1, lemuel_fruit_fields,
          uniq_rupert
Swamp:1:  evilmike_swamp_ruin_rubble_2
Swamp:2:  evilmike_swamp_ruin_house_3, swamp_pool5, uniq_aizul, uniq_frances,
          uniq_kirke, uniq_roxanne
Swamp:3:  evilmike_swamp_ruin_house_2
Swamp:4:  swamp, portal_ice_cave_entry_pillars_three, infiniplex_staircase_pool
Spider:3: minmay_another_anthill, uniq_arachne
Spider:4: johnstein_spider_rune_arachne_lair, worms_lemuel
Depths:1: kennysheep_small_spiral, abyss_entry, grunt_hell_entry_dis_mu,
          grunt_decor_fettered, corner_web_ring, aerie_lemuel,
          serial_bayou_shore_b
Depths:2: minmay_octo_star, minmay_room_of_horrors, pf_coc_iceberg,
          minmay_tree_intersection
Depths:3: evilmike_library_of_no_secrets, grunt_pan_entry_in_and_out,
          hell_entry, st_stairs_7, minmay_misc_feat_cross
Depths:4: hangedman_pleasuredromes, hell_entry, abyss_entry
Depths:5: evilmike_zot_entry_diamond, abyss_entry_flame_altar,
          serial_bayou_pond_a, serial_shops, nicolae_shop_trees,
          grunt_mini_vestibule, serial_sigils_hangedman_leer,
          lemuel_flamethrower_2
Zot:3:    hangedman_snake_sidewinding
Zot:4:    lemuel_draconian_sentries_small, grunt_megastairs_3, lemuel_elevator
Zot:5:    lemuel_baited_zot_trap, basic_stair_grate_trap
IceCv:    ice_cave_caverns_01

Skill      XL: |  1  2  3  4  5  6  7  8  9 10 11 12 13 14 15 16 17 18 19 20 |
---------------+-------------------------------------------------------------+-----
Axes           | 4 5 6 7 8 10 12 14 15 17 19 20 22 23 24 | 24.4
Armour         | 3 4 5 6 7 9 10 11 13 14 15 16 17 18 | 18.3
Fighting       | 4 5 6 7 9 10 12 13 14 15 17 18 | 18.6
Dodging        | 11 12 13 15 18 | 18.9
Evocations     | 2 6 |  6.7

Action                   |  1- 3 |  4- 6 |  7- 9 | 10-12 | 13-15 | 16-18 | 19-21 || total
-------------------------+-------+-------+-------+-------+-------+-------+-------++-------
Melee: Hand axe          |    38 |    15 |       |       |       |       |       ||    53
       Headbutt          |     2 |    12 |    27 |   112 |   225 |   227 |   106 ||   711
       War axe           |       |    38 |   146 |   300 |   234 |    31 |       ||   749
       Kick              |       |       |       |   173 |   358 |   152 |       ||   683
       Battleaxe         |       |       |       |   111 |   708 |   756 |   349 ||  1924
       Bite              |       |       |       |       |       |    31 |    67 ||    98
Invok: Berserk           |     1 |     1 |     5 |    11 |    18 |    10 |     1 ||    47
       Trog's Hand       |       |       |     1 |     3 |    10 |    13 |     7 ||    34
       Brothers in Arms  |       |       |       |     1 |     2 |     5 |     4 ||    12
Evoke: Wand              |       |       |       |       |     1 |     7 |     1 ||     9
  Use: Potion            |       |       |     1 |     3 |     7 |     9 |     6 ||    26
       Scroll            |       |       |       |     6 |    12 |     7 |     2 ||    27
 Stab: Distracted        |       |       |       |     1 |     1 |     1 |       ||     3
       Confused          |       |       |       |       |     1 |     1 |       ||     2
       Petrified         |       |       |       |       |       |     8 |       ||     8
       Invisible         |       |       |       |       |       |     2 |       ||     2
  Eat: Chunk             |       |     1 |    10 |    17 |    28 |     9 |     9 ||    74
       Meat ration       |       |       |       |     1 |       |       |     1 ||     2
       Royal jelly       |       |       |       |     1 |     1 |     1 |       ||     3
       Pizza             |       |       |       |       |     5 |     1 |       ||     6
       Fruit             |       |       |       |       |    10 |     6 |       ||    16
       Bread ration      |       |       |       |       |       |     2 |       ||     2
       Beef jerky        |       |       |       |       |       |     5 |       ||     5
Armor: Plate armour      |    30 |    34 |    79 |   226 |   240 |       |       ||   609
       Skin              |       |       |       |       |    27 |       |    17 ||    44
       Ice dragon armour |       |       |       |       |   168 |    16 |       ||   184
       Chain mail        |       |       |       |       |     1 |   469 |   186 ||   656
Dodge: Dodged            |    17 |    12 |    57 |   168 |   810 |   813 |   370 ||  2247
